 Dungeon Crawl Stone Soup version 0.28.0-53-g5a82cb258f (webtiles) character file.

Game seed: 13138217209861412966

129 Sin92 the Shield-Bearer (level 4, -7/41 HPs)
             Began as a Minotaur Fighter on June 5, 2022.
             Mangled by Crazy Yiuf
             ... wielding a +2 quarterstaff of chaos
              (8 damage)
             ... on level 2 of the Dungeon.
             The game lasted 00:01:41 (1677 turns).

Sin92 the Shield-Bearer (Minotaur Fighter)          Turns: 1677, Time: 00:01:42

Health: -7/41      AC:  8    Str: 20    XL:     4   Next: 88%
Magic:  0/3        EV: 10    Int:  5    God:
Gold:   58         SH:  5    Dex: 12    Spells: 3/3 levels left

rFire   . . .      SeeInvis .   a - +0 war axe
rCold   . . .      Faith    .   c - +0 buckler
rNeg    . . .      Spirit   .   b - +0 scale mail
rPois   .          Reflect  .   (helmet restricted)
rElec   .          Harm     .   (no cloak)
rCorr   .          Rampage  .   (no gloves)
Will    .....                   e - +0 pair of boots
Stlth   ..........              (no amulet)
HPRegen 0.13/turn               (no ring)
MPRegen 0.08/turn               (no ring)

@: lethally poisoned (-7 -> -8), hasted, very quick
A: horns 2, retaliatory headbutt
a: no special abilities


You were on level 2 of the Dungeon.
You visited 1 branch of the dungeon, and saw 2 of its levels.

You collected 58 gold pieces.

Inventory:

Hand Weapons
 a - a +0 war axe (weapon)
Armour
 b - a +0 scale mail (worn)
 c - a +0 buckler (worn)
 e - a +0 pair of boots (worn)
Jewellery
 h - a +4 ring of protection
 k - a ring of resist corrosion
Scrolls
 f - 2 scrolls of enchant weapon {unknown}
 g - 2 scrolls of identify
 j - a scroll of amnesia {unknown}
Potions
 d - a potion of might


   Skills:
 + Level 4.4 Fighting
 + Level 3.5 Axes
 + Level 4.4 Armour
 + Level 2.0 Dodging
 + Level 4.4 Shields


You had 3 spell levels left.
You didn't know any spells.
Your spell library was empty.

Dungeon Overview and Level Annotations

Branches:
Dungeon (2/15)

Altars:

Shops:
D:2 !!*

Annotations:
D:2 Crazy Yiuf


Innate Abilities, Weirdness & Mutations

You have a pair of horns on your head.
You reflexively headbutt those who attack you in melee.


Message History

No target in view!
Crazy Yiuf shouts!
No reachable target in view!
Could not explore, unopened runed door.
No reachable target in view!
Could not explore, unopened runed door.
No reachable target in view!
Could not explore, unopened runed door.
No reachable target in view!
As you open the door, it creaks loudly!
You hit Crazy Yiuf.
Crazy Yiuf is moderately wounded.
Crazy Yiuf hits you with a +2 quarterstaff of chaos.
You are poisoned.
You slash Crazy Yiuf!
Crazy Yiuf is severely wounded.
You feel very sick.
Crazy Yiuf says, "Lugonu!
Pitchfork high meccalolo."
Crazy Yiuf hits you with a +2 quarterstaff of chaos.
You closely miss Crazy Yiuf.
Crazy Yiuf is severely wounded.
You feel sick.
Crazy Yiuf hits you with a +2 quarterstaff of chaos.
You are electrocuted!
* * * LOW HITPOINT WARNING * * *
Crazy Yiuf misses you. You furiously retaliate!
You headbutt Crazy Yiuf, but do no damage.
Unknown command.
You hit Crazy Yiuf but do no damage.
Crazy Yiuf is severely wounded.
You feel sick.
Crazy Yiuf hits you with a +2 quarterstaff of chaos!
* * * LOW HITPOINT WARNING * * *
You feel your power leaking away.
You feel yourself speed up.
* * * LOW HITPOINT WARNING * * *
You feel sick.
Crazy Yiuf says, "Ten verde fast!"
Crazy Yiuf hits you with a +2 quarterstaff of chaos!
You die...

............###.####....#######.#
....#<......# #.................#
............# ###.#..##########.#
..#.∩.#..#### ###### ###.#
.........# #.... ########.#
♣♣♣♣♣### #.##. #.# #.# ###
♣♣♣.♣....## #.##. #.###.#
#...#♣..♣......###.... #.>##.#
#...g@♣♣♣♣.†.......... ##.##.#
#)..#♣♣ ♣♣.....#.#.## #..#.# ###
♣♣##..#...# ##...# #..^.### #...#
#....#### #...###########
###........
#........##...####......####
##.......<#..#...........####
###.........#.#######.........#


You could see Crazy Yiuf.

Vanquished Creatures
  Natasha (twice) (D:2)
  2 adders (D:2)
  A worm (D:2)
  A dart slug (D:1)
  3 bats
  3 endoplasms
  3 giant cockroaches
  6 goblins
  9 hobgoblins
  3 jackals (D:1)
  3 kobolds (D:1)
  2 quokkas
  7 ball pythons
  4 frilled lizards
  4 rats
53 creatures vanquished.

Notes
Turn   | Place    | Note
-------+----------+-------------------------------------------
     0 | D:1      | Sin92 the Minotaur Fighter began the quest for the Orb.
     0 | D:1      | Reached XP level 1. HP: 19/19 MP: 0/0
    31 | D:1      | Found a faded altar of an unknown god.
    96 | D:1      | Reached XP level 2. HP: 23/27 MP: 1/1
   303 | D:1      | Reached skill level 1 in Dodging
   402 | D:1      | Reached XP level 3. HP: 33/33 MP: 2/2
   817 | D:2      | Found Rinyuh's Distillery.
   981 | D:2      | Noticed Natasha
   991 | D:2      | Killed Natasha
   992 | D:2      | Reached XP level 4. HP: 22/40 MP: 3/3
  1141 | D:2      | Found Plog's Assorted Antiques.
  1263 | D:2      | Noticed Natasha
  1265 | D:2      | Found Yrraimahy's Distillery.
  1282 | D:2      | Killed Natasha
  1540 | D:2      | Found a runed translucent door.
  1547 | D:2      | Noticed Crazy Yiuf
  1676 | D:2      | HP: 2/41 [Crazy Yiuf/+2 quarterstaff of chaos (8)]
  1677 | D:2      | Mangled by Crazy Yiuf

Illustrated notes

Levels and vault maps discovered:
D:1:      lightli_arrival_quake, layout_basic,
          hellmonk_ecumenical_altar_inner_sanctum
D:2:      layout_rooms, serial_shops, nicolae_shop_trees, shop,
          nicolae_shop_stone, uniq_crazy_yiuf_cottage, uniq_natasha

Skill      XL: |  1  2  3  4 |
---------------+-------------+-----
Dodging        | 1 2 |  2.0
Armour         | 4 |  4.4
Fighting       | 4 |  4.4
Shields        | 4 |  4.4
Axes           | 3 |  3.5

Action                   |  1- 3 |  4- 6 || total
-------------------------+-------+-------++-------
Melee: War axe           |    92 |    27 ||   119
       Headbutt          |     9 |     3 ||    12
  Use: Scroll            |       |     1 ||     1
       Potion            |       |     1 ||     1
Armor: Scale mail        |    47 |    10 ||    57
Dodge: Dodged            |    52 |    13 ||    65
Block: Buckler           |    29 |     5 ||    34
